 Dungeon Crawl Stone Soup version 0.30-a0-782-ge64f9170bb (webtiles) character file.

Game seed: 9244931148706274464

14654 Dirtsage the Grappler (level 11, 0/84 HPs)
             Began as a Demonspawn Fighter on Mar 15, 2023.
             Succumbed to a cane toad's poison
             ... on level 3 of the Lair of Beasts.
             The game lasted 00:28:30 (12182 turns).

Dirtsage the Grappler (Demonspawn Fighter)         Turns: 12182, Time: 00:28:31

Health: 0/84       AC: 13    Str: 24    XL:     11   Next: 91%
Magic:  12/12      EV: 26    Int:  7    God:
Gold:   1180       SH:  4    Dex: 16    Spells: 10/10 levels left

rFire   . . .      SeeInvis +      - Unarmed
rCold   . . .      Faith    .    (no shield)
rNeg    + . .      Spirit   .    H - +0 chain mail
rPois   .          Reflect  .    (helmet unavailable)
rElec   .          Harm     .    x - +0 cloak
rCorr   .          Rampage  .    (no gloves)
Will    .....                    n - +0 pair of boots of Protective Custody {Slay+3} Stlth
                                 G - amulet of the acrobat
HPRegen 0.34/turn                N - ring of positive energy
MPRegen 0.26/turn                (no ring)

@: lethally poisoned (0 -> -12), acrobatic, attractive, hasted, invisible, very
quick
A: antennae 3, magic regeneration, condensation shield, weakness stinger 1,
demonic touch 1, agile 1, high MP 1, screaming 1, strong 1
a: no special abilities


You were on level 3 of the Lair of Beasts.
You visited 3 branches of the dungeon, and saw 13 of its levels.

You collected 1180 gold pieces.

Inventory:

Hand Weapons
 a - a +0 war axe
Armour
 b - a +0 scale mail
 c - a +0 buckler
 n - the +0 pair of boots of Protective Custody (worn) {Slay+3}
   (You found it on level 2 of the Dungeon)

   Slay:      It affects your accuracy & damage with ranged weapons and melee
   (+3).
 x - a +0 cloak (worn)
 H - a +0 chain mail (worn)
Magical Staves
 g - a staff of earth
 K - a staff of poison
Jewellery
 v - a +6 ring of intelligence
 G - an amulet of the acrobat (around neck)
 N - a ring of positive energy (left hand)
Wands
 r - a wand of polymorph (13)
 D - a wand of digging (6)
 J - a wand of flame (8)
Scrolls
 e - 3 scrolls of poison {unknown}
 f - 3 scrolls of magic mapping {unknown}
 i - 10 scrolls of identify
 k - 6 scrolls of vulnerability
 l - 3 scrolls of torment {unknown}
 m - 3 scrolls of blinking {unknown}
 o - a scroll of amnesia {unknown}
 t - 4 scrolls of teleportation
 u - a scroll of silence {unknown}
 y - a scroll of fear {unknown}
 E - a scroll of noise {unknown}
 I - a scroll of enchant weapon {unknown}
 M - a scroll of fog {unknown}
Potions
 d - a potion of might
 h - a potion of haste
 j - a potion of lignification {unknown}
 p - a potion of mutation
 s - a potion of ambrosia
 w - a potion of flight {unknown}
 z - a potion of invisibility
 A - 2 potions of degeneration
 B - a potion of attraction
 C - a potion of heal wounds {unknown}
 F - 2 potions of cancellation
Miscellaneous
 L - a box of beasts (inert)


   Skills:
 + Level 7.4 Fighting
 - Level 3.2 Axes
 + Level 6.7 Armour
 + Level 6.0 Dodging
 - Level 4.1 Shields
 + Level 11.4 Unarmed Combat
 * Level 7.5 Transmutations


You had 10 spell levels left.
You didn't know any spells.
Your spell library contained the following spells:

 Spells                   Type           Power      Damage    Failure   Level
 Passwall                 Tmut/Erth      4%         N/A       67%         2
 Sandblast                Erth           0%         2d4       96%         1
 Blade Hands              Tmut           5%         N/A       98%         5
 Scorch                   Fire           0%         2d5       99%         2
 Ozocubu's Armour         Ice            0%         N/A       100%        3
 Stone Arrow              Conj/Erth      0%         3d7       100%        3
 Animate Armour           Summ/Erth      0%         N/A       100%        4
 Flame Wave               Conj/Fire      0%         2d4       100%        4
 Iron Shot                Conj/Erth      0%         9d1       100%        6
 Summon Cactus Giant      Summ           0%         N/A       100%        6
 Ozocubu's Refrigeration  Ice            0%         4d7       100%        7


Dungeon Overview and Level Annotations

Branches:
Dungeon (9/15)             Temple (1/1) D:7            Lair (3/5) D:8
  Swamp: Lair:2-3    Shoals: Lair:2-3     Snake: Lair:2-3    Spider: Lair:2-3
    Orc: D:9-12

Altars:
Ashenzari
Cheibriados
Dithmenos
Fedhas
Gozag
Kikubaaqudgha
Nemelex Xobeh
Qazlal
Ru
Sif Muna
Trog
Uskayaw
Vehumet
Wu Jian
Xom
Yredelemnul

Annotations:
D:7 1 runed translucent door, Crazy Yiuf


Innate Abilities, Weirdness & Mutations

You have a pair of large antennae on your head. (SInv)
You regenerate magic rapidly.
A meltable shield of frost defends you. (SH +4)
You have a small tail.
Your touch may inflict minor irresistible damage on your foes.
You are agile. (Dex +4, Str/Int -1)
You have an increased reservoir of magic. (+10% MP)
You occasionally shout uncontrollably at your foes.
Your muscles are strong. (Str +4, Int/Dex -1)


Message History

Okay, then.
As you read the scroll of teleportation, it crumbles to dust.
You feel strangely unstable.
* * * LOW HITPOINT WARNING * * *
You feel very sick. The cane toad stings you.
* * * LOW HITPOINT WARNING * * *
You are more poisoned.
The cane toad poisons you!
You take 8 damage, and have 13/84 hp.
It was a potion of invisibility.
You fade into invisibility!
* * * LOW HITPOINT WARNING * * *
You feel extremely sick.
The cane toad stings you but does no damage.
A yak comes into view.
The cane toad barely misses you.
You take 8 damage, and have 5/84 hp.
It was a potion of ambrosia.
You are confused.
You feel invigorated.
* * * LOW HITPOINT WARNING * * *
You feel very sick. The yak barely misses you.
The cane toad closely misses you.
You take 2 damage, and have 3/84 hp.
It was a potion of attraction.
You feel attractive to monsters.
Your surroundings suddenly seem different.
* * * LOW HITPOINT WARNING * * *
You feel very sick.
You take 2 damage, and have 1/84 hp.
Okay, then.
It was a potion of haste.
You feel yourself speed up.
h - a potion of haste;
e - 3 scrolls labelled PER UVIJYSU You feel less invigorated.
You feel less confused.
* * * LOW HITPOINT WARNING * * *
You feel very sick.
Okay, then.
You die...

.......
#......
#......
##.....#
.#......#
........##
.........#
.......@.#
..P.....#.#
.....#..# #
#... #..#
#.. ...# ..
....# .
.#..#
..#..#


There were no monsters in sight!

Vanquished Creatures
  A hydra (Lair:2)
  Amaemon (Lair:1)
  An oklob plant (Lair:1)
  An orange demon (Lair:1)
  8 elephants (Lair:2)
  Joseph (Lair:1)
  2 black mambas (Lair:1)
  3 cane toads (Lair:2)
  A rime drake (Lair:2)
  3 komodo dragons (Lair:1)
  Grinder (D:4)
  Prince Ribbit (Lair:1)
  2 blink frogs (Lair:1)
  Sigmund (D:6)
  6 yaks
  2 basilisks (Lair:1)
  A wyvern (D:7)
  A steam dragon (Lair:1)
  Menkaure (D:6)
  Edmund (D:6)
  10 water moccasins
  3 black bears
  A sky beast (D:8)
  An ogre (D:6)
  4 ice beasts
  5 wolves
  3 centaurs
  Blork the orc (D:6)
  2 kobold brigands (D:8)
  9 bullfrogs
  2 necrophages
  2 gnoll sergeants (D:7)
  4 scorpions
  An electric eel (Lair:2)
  4 howler monkeys
  A jelly (D:5)
  4 hounds
  6 orc priests
  Terence (D:2)
  7 orc wizards
  An iguana (D:5)
  5 adders
  4 gnolls (D:7)
  A shadow imp (D:5)
  2 white imps (D:7)
  An ufetubus (D:6)
  A worm (D:4)
  3 dart slugs (D:1)
  27 orcs
  3 bats
  9 endoplasms
  A giant cockroach (D:2)
  8 goblins
  3 hobgoblins (D:2)
  12 jackals
  6 quokkas
  7 ball pythons
  5 frilled lizards
  20 kobolds
  An orc zombie (D:8)
  4 rats
234 creatures vanquished.

Vanquished Creatures (others)
  13 fungi
  24 plants
37 creatures vanquished.

Grand Total: 271 creatures vanquished

Notes
Turn   | Place    | Note
-------+----------+-------------------------------------------
     0 | D:1      | Dirtsage the Demonspawn Fighter began the quest for the
                  | Orb.
     0 | D:1      | Reached XP level 1. HP: 18/18 MP: 1/1
   122 | D:1      | Gained mutation: You regenerate magic rapidly. [demonic
                  | ancestry]
   122 | D:1      | Reached XP level 2. HP: 24/24 MP: 2/2
   496 | D:1      | Discovered your monstrous ancestry.
   496 | D:1      | Gained mutation: You have a pair of small antennae on your
                  | head. [demonic ancestry]
   496 | D:1      | Reached XP level 3. HP: 29/29 MP: 3/3
   938 | D:2      | Reached skill level 1 in Unarmed Combat
   967 | D:2      | Noticed Terence
   976 | D:2      | Killed Terence
   977 | D:2      | Reached skill level 2 in Unarmed Combat
   977 | D:2      | Gained mutation: You have a pair of antennae on your head.
                  | [demonic ancestry]
   977 | D:2      | Reached XP level 4. HP: 25/35 MP: 4/4
  1129 | D:2      | Identified the +0 pair of boots of Protective Custody
                  | {Slay+3}
  1957 | D:3      | Reached skill level 3 in Unarmed Combat
  2167 | D:4      | Gained mutation: You have a pair of large antennae on your
                  | head. (SInv) [demonic ancestry]
  2167 | D:4      | Reached XP level 5. HP: 28/41 MP: 5/5
  2226 | D:4      | Noticed Grinder
  2242 | D:4      | Killed Grinder
  2243 | D:4      | Reached skill level 5 in Unarmed Combat
  2243 | D:4      | Gained mutation: You have a small tail. [demonic ancestry]
  2243 | D:4      | Reached XP level 6. HP: 32/47 MP: 6/6
  3133 | D:5      | Entered Level 5 of the Dungeon
  3195 | D:5      | Noticed a yak
  3221 | D:5      | Killed a yak
  3222 | D:5      | Reached skill level 6 in Unarmed Combat
  3222 | D:5      | Reached XP level 7. HP: 28/52 MP: 7/7
  3322 | D:5      | Noticed a yak
  3322 | D:5      | Noticed a yak
  3323 | D:5      | Noticed a yak
  3654 | D:6      | Found a shimmering altar of Xom.
  3658 | D:6      | Reached skill level 7 in Unarmed Combat
  4028 | D:6      | Reached skill level 8 in Unarmed Combat
  4028 | D:6      | Reached XP level 8. HP: 58/58 MP: 8/8
  4029 | D:6      | Noticed Menkaure
  4033 | D:6      | Noticed Sigmund
  4038 | D:6      | Killed Menkaure
  4047 | D:6      | Killed Sigmund
  4120 | D:6      | Reached skill level 9 in Unarmed Combat
  4206 | D:6      | Noticed Blork the orc
  4215 | D:6      | Killed Blork the orc
  4355 | D:6      | Reached skill level 1 in Dodging
  4522 | D:6      | Noticed Edmund
  4534 | D:6      | Killed Edmund
  4820 | D:6      | Gained mutation: A meltable shield of frost defends you.
                  | (SH +4) [demonic ancestry]
  4820 | D:6      | Reached XP level 9. HP: 40/64 MP: 9/9
  5800 | D:7      | Reached skill level 10 in Unarmed Combat
  6203 | D:7      | Found a runed translucent door.
  6204 | D:7      | Noticed Crazy Yiuf
  6499 | D:7      | Found a staircase to the Ecumenical Temple.
  6605 | Temple   | Entered the Ecumenical Temple
  6844 | D:7      | Reached skill level 1 in Transmutations
  6846 | D:7      | Gained mutation: Your muscles are strong. (Str +4, Int/Dex
                  | -1) [potion of mutation]
  6846 | D:7      | Gained mutation: You occasionally shout uncontrollably at
                  | your foes. [potion of mutation]
  6846 | D:7      | Gained mutation: You have an increased reservoir of magic.
                  | (+10% MP) [potion of mutation]
  6846 | D:7      | Gained mutation: You are agile. (Dex +4, Str/Int -1)
                  | [potion of mutation]
  7646 | D:8      | Found a staircase to the Lair.
  7700 | D:8      | Reached skill level 5 in Fighting
  7909 | D:8      | Gained mutation: Your touch may inflict minor irresistible
                  | damage on your foes. [demonic ancestry]
  7909 | D:8      | Reached XP level 10. HP: 74/74 MP: 11/11
  8245 | D:9      | Noticed a two-headed ogre
  8281 | Lair:1   | Entered Level 1 of the Lair of Beasts
  8367 | Lair:1   | Noticed Joseph
  8377 | Lair:1   | Killed Joseph
  8600 | Lair:1   | Noticed Prince Ribbit
  8601 | Lair:1   | Noticed Amaemon
  8601 | Lair:1   | Noticed an orange demon
  8776 | Lair:1   | Killed Prince Ribbit
  8782 | Lair:1   | Reached skill level 5 in Armour
  8931 | Lair:1   | Noticed a black mamba
  8941 | Lair:1   | Killed a black mamba
  8944 | Lair:1   | Noticed a black mamba
  8953 | Lair:1   | Killed a black mamba
  9210 | Lair:1   | Reached skill level 5 in Transmutations
  9229 | Lair:1   | Killed an orange demon
  9352 | Lair:1   | Killed Amaemon
  9467 | Lair:1   | Reached XP level 11. HP: 63/81 MP: 12/12
  9637 | Lair:1   | Noticed an oklob plant
  9649 | Lair:1   | Killed an oklob plant
  9650 | Lair:1   | Identified the +1 pair of boots of Sybb {Str-3 Dex+4}
 10211 | Lair:2   | Reached skill level 5 in Dodging
 10211 | Lair:2   | Reached skill level 11 in Unarmed Combat
 11464 | Lair:2   | Noticed an eight-headed hydra
 11482 | Lair:2   | Killed an eight-headed hydra
 12179 | Lair:3   | HP: 3/84 [poisoned by a cane toad]
 12180 | Lair:3   | HP: 1/84 [poisoned by a cane toad]
 12182 | Lair:3   | Succumbed to a cane toad's poison

Illustrated notes

Levels and vault maps discovered:
D:1:      scummos_arrival_gate, layout_loops_ring
D:2:      layout_basic, uniq_terence
D:3:      layout_loops_ring
D:4:      layout_loops_ring, uniq_grinder
D:5:      minmay_polygon_palace, layout_basic
D:6:      layout_gridville, old_standard_altar, chequers_serial_rivers_room_a,
          uniq_blork_the_orc, uniq_menkaure, uniq_sigmund, uniq_edmund
D:7:      layout_cave_pools, temple_hall, st_stairs_3,
          kennysheep_big_empty_room, uniq_crazy_yiuf_cottage
D:8:      layout_layer_cave, nicolae_elyvilon_peaceful_grove, lair_entry_dummy,
          enter_ossuary_3, bh_walls_and_bars
D:9:      layout_long_grid, mainiacjoe_overflow_cross_hatched,
          kennysheep_nondescript
Temple:   kb_temple_of_zot
Lair:1:   layout_cave_pods, chequers_serial_rivers_micro_e,
          minmay_lair_oklob_items, grunt_megastairs_5, serial_bayou_shore_a,
          uniq_prince_ribbit2, uniq_joseph, uniq_amaemon
Lair:2:   layout_loops_ring, infiniplex_staircase_pool
Lair:3:   dreamdust_labyrinth, layout_chaotic_city, swamp_mist_pool,
          spider_nest_entry_a

Skill      XL: |  1  2  3  4  5  6  7  8  9 10 11 |
---------------+----------------------------------+-----
Axes           | 2 3 |  3.2
Unarmed Combat | 2 3 5 6 8 9 10 11 | 11.4
Armour         | 3 4 5 6 |  6.7
Shields        | 3 4 |  4.1
Dodging        | 1 3 4 6 |  6.0
Fighting       | 5 6 7 |  7.4
Transmutations | 2 5 7 |  7.5

Action                     |  1- 3 |  4- 6 |  7- 9 | 10-12 || total
---------------------------+-------+-------+-------+-------++-------
  Melee: War axe           |    64 |    81 |       |       ||   145
         Unarmed           |       |    65 |   299 |   245 ||   609
         Tailslap          |       |    10 |    51 |    50 ||   111
         Touch             |       |       |       |    59 ||    59
         Punch             |       |       |       |    15 ||    15
  Evoke: Box of beasts     |       |       |       |     1 ||     1
    Use: Potion            |       |     1 |     2 |     6 ||     9
         Scroll            |       |       |     2 |     3 ||     5
   Stab: Distracted        |       |       |     1 |       ||     1
 Armour: Scale mail        |    32 |    57 |       |       ||    89
         Chain mail        |       |    14 |   131 |    90 ||   235
  Dodge: Dodged            |    38 |    74 |    93 |   125 ||   330
  Block: Buckler           |    10 |    37 |    77 |     2 ||   126
         Other             |       |       |       |    31 ||    31

Table legend: (Time is in decaauts)
 A = Elapsed time spent in this place.
 B = Non-inter-level travel time spent in this place.
 C = Inter-level travel time spent in this place.
 D = Time resting spent in this place.
 E = Time spent auto-exploring this place.
 F = Levels seen in this place.
 G = Mean time per level.
                   A        B        C        D        E       F      G
               +--------+--------+--------+--------+--------+-----+--------+
         Total |  12173 |  11580 |    593 |    892 |   8870 |  13 |  936.4 |
       Dungeon |   8192 |   7708 |    484 |    337 |   6088 |   9 |  910.2 |
        Temple |    106 |     91 |     15 |      0 |     80 |   1 |  106.0 |
          Lair |   3873 |   3779 |     94 |    555 |   2702 |   3 | 1291.0 |
               +--------+--------+--------+--------+--------+-----+--------+

Top non-repeatable levels by time:
  Lair:1: 1923 daAuts
  Lair:2: 1858 daAuts
     D:6: 1283 daAuts
     D:7: 1233 daAuts
     D:5: 1219 daAuts
     D:8: 1146 daAuts
     D:4: 1102 daAuts
     D:1: 807 daAuts
     D:2: 769 daAuts
     D:3: 621 daAuts
  Temple: 106 daAuts
  Lair:3: 91 daAuts
     D:9: 8 daAuts
